 Dungeon Sprint DCSS version 0.19.1 (webtiles) character file.

17579 equalderp2856 the Eviscerator (level 12, -4/58 HPs)
             Began as a Felid Fighter on Nov 28, 2016.
             Was the Champion of Nemelex Xobeh.
             Slain by Mennas
             ... wielding a +5 trishula of holy wrath
              (5 damage)
             ... in the Dungeon (Sprint IX: "|||||||||||||||||||||||||||||").
             The game lasted 00:20:47 (5294 turns).

equalderp2856 the Eviscerator (Felid Fighter)       Turns: 5294, Time: 00:20:47

Health: -4/58      AC:  3    Str: 20    XL:     12   Next: 20%
Magic:  20/20      EV: 37    Int: 11    God:    Nemelex Xobeh [******]
Gold:   1933       SH:  0    Dex: 17    Spells: 0 memorised, 11 levels left
                                        Lives:  0   Deaths: 3

rFire  . . .     SeeInvis +       - Unarmed
rCold  + . .     Gourm    .     (armour unavailable)
rNeg   . . .     Faith    .     (shield unavailable)
rPois  .         Spirit   .     (helmet unavailable)
rElec  .         Reflect  .     (cloak unavailable)
rCorr  .         Harm     .     (gloves unavailable)
MR     +....     NoTele   +     (boots unavailable)
Stlth  +++.......               Q - amulet of regeneration
                                O - +6 ring of strength
                                N - +4 ring of evasion

@: very slightly contaminated, glowing, silenced, quick
A: no armour, no weapons or thrown items, stealth, claws 1, fangs 3, see
invisible, carnivore 3, speed 1, shaggy fur 3, slow metabolism 1, sharp paws
a: Renounce Religion


You were in the Dungeon.
You worshipped Nemelex Xobeh.
Nemelex Xobeh was exalted by your worship.
You were not hungry.

You visited 1 branch You collected 1933 gold pieces.

Inventory:

Jewellery
 n - a +3 ring of intelligence
 o - a +3 ring of dexterity
 A - an uncursed ring of protection from magic
 B - an uncursed ring of fire
 C - an uncursed ring of protection from fire
 D - an uncursed ring of protection from cold
 M - a +6 ring of intelligence
 N - a +4 ring of evasion (left paw)
 O - a +6 ring of strength (right paw)
 Q - an amulet of regeneration (around neck)
Wands
 m - a wand of iceblast (7/15)
 z - a wand of lightning (7/15)
Scrolls
 h - 5 scrolls of blinking
 k - 5 scrolls of remove curse
 l - 2 scrolls of amnesia
 E - 2 scrolls of fog
 F - 3 scrolls of fear
 J - a scroll of identify
 K - a scroll of recharging
Potions
 a - 4 potions of might
 c - a potion of curing
 d - a potion of heal wounds
 e - a potion of haste
 f - 4 potions of magic
 g - a potion of berserk rage
 i - a potion of cancellation
 j - a potion of invisibility
 s - 2 potions of agility
 t - 2 potions of cure mutation
 I - a potion of resistance
Miscellaneous
 p - a legendary deck of destruction {drawn: 1}
 q - a plain deck of escape
 r - a plain deck of destruction {drawn: 10}
 u - an ornate deck of destruction {drawn: 1}
 v - a plain deck of summoning {drawn: 7}
 w - an ornate deck of destruction {drawn: 2}
 x - a plain deck of summoning {drawn: 1}
 y - an ornate deck of summoning {drawn: 4}
 G - a legendary deck of escape {drawn: 1}
 H - an ornate deck of destruction
 L - a legendary deck of escape
 P - an ornate deck of escape
Comestibles
 b - 13 meat rations


   Skills:
 + Level 10.4 Fighting
 + Level 18.1 Dodging
 + Level 14.7 Stealth
 + Level 26.6 Unarmed Combat
 + Level 10.1 Invocations


You had 11 spell levels left.
You didn't know any spells.

Dungeon Overview and Level Annotations

Branches:
Dungeon (1/1)

Altars:
Cheibriados
Dithmenos
Elyvilon
Fedhas
Gozag
Hepliaklqana
Kikubaaqudgha
Makhleb
Nemelex Xobeh
Okawaru
Qazlal
Ru
Sif Muna
Trog
Uskayaw
Vehumet
Xom
Yredelemnul
Zin
The Shining One
Beogh
Jiyva
Lugonu

Shops:
D (!=!

Annotations:
D Mennas


Innate Abilities, Weirdness & Mutations

You cannot wear armour.
You are incapable of wielding weapons or throwing items.
Your paws allow you to move quietly. (Stealth)
You have sharp claws.
You have razor-sharp teeth.
You have supernaturally acute eyesight. (SInv)
You are carnivorous and can eat meat at any time.
You cover ground quickly.
Your thick and shaggy fur keeps you warm. (AC +3, rC+)
You have a slow metabolism.
Your sharp claws are effective at attacking unaware monsters.


Message History

Mennas hits you from afar with a trishula of holy wrath!!
* * * LOW HITPOINT WARNING * * *
You feel much better. Mennas completely misses you. x2
Mennas completely misses you.
Mennas hits you with a trishula of holy wrath!
Mennas blocks your attack.
Your bite misses Mennas.
Mennas is lightly wounded.
Mennas completely misses you. Mennas barely misses you.
You miss Mennas. Mennas blocks your attack.
Mennas is lightly wounded.
Mennas looks to the heavens.
Mennas hits you with a trishula of holy wrath!
* * * LOW HITPOINT WARNING * * *
Mennas completely misses you.
You feel much better.
Mennas hits you with a trishula of holy wrath!!
* * * LOW HITPOINT WARNING * * *
Mennas hits you with a trishula of holy wrath.
You die...
Your body glows with a rainbow of weird colours and disappears.

▓▓▓▓▓▓▓▓▓▓▓▓▓▓▓▓▓▓▓▓▓▓▓▓▓▓▓▓▓▓▓▓▓
=......))))))...[[[[[[...........
▓▓▓▓▓▓▓▓▓▓▓▓▓▓▓▓▓▓▓▓▓▓▓▓▓▓▓▓▓▓▓▓▓
.......}........@A...............
▓▓▓▓▓▓▓▓▓▓▓▓▓▓▓▓▓▓▓▓▓▓▓▓▓▓▓▓▓▓▓▓▓
▓▓▓▓▓▓▓▓▓▓▓▓▓▓▓▓▓▓▓▓♣♣♣♣♣♣♣♣♣♣
'.......÷÷)))).....}'.†DnyFwtf
▓▓▓▓▓▓▓▓▓▓▓▓▓▓▓▓▓▓▓▓♣♣♣♣♣♣♣♣♣♣▓▓▓
...............†..............)..


You could see Mennas.

Vanquished Creatures
  Boris (D)
  Rupert (D)
  Gastronok (D)
  2 stone giants (D)
  An ettin (D)
  A fire dragon (D)
  Erolcha (D)
  Josephine (D)
  A rakshasa (D)
  4 centaur warriors (D)
  A queen ant (D)
  A catoblepas (D)
  An ogre mage (D)
  4 death yaks (D)
  A hell hog (D)
  Urug (D)
  2 unseen horrors (D)
  3 orc knights (D)
  A harpy (D)
  3 hill giants (D)
  6 orc sorcerers (D)
  2 wolf spiders (D)
  Maurice (D)
  A black mamba (D)
  An eye of devastation (D)
  A siren (D)
  2 spiny frogs (D)
  2 komodo dragons (D)
  3 demonic crawlers (D)
  3 merfolk (D)
  A blink frog (D)
  A jumping spider (D)
  A bog body (D)
  3 redbacks (D)
  4 wraiths (D)
  A water elemental (D)
  5 yaks (D)
  A vampire mosquito (D)
  3 water moccasins (D)
  5 porcupines (D)
  11 orc warriors (D)
  An ice beast (D)
  A big kobold (D)
  A crocodile (D)
  A scorpion (D)
  A hound (D)
  4 orc priests (D)
  7 orc wizards (D)
  An iguana (D)
  3 adders (D)
  A shadow imp (D)
  5 orcs (D)
  A bat zombie (D)
  A giant cockroach (D)
  2 hobgoblins (D)
  2 kobolds (D)
  A bat (D)
  A quokka skeleton (D)
124 creatures vanquished.

Vanquished Creatures (collateral kills)
  A stone giant (D)
  A hydra (D)
  An orc knight (D)
  2 hippogriffs (D)
  An orc warrior (D)
  An orc (D)
7 creatures vanquished.

Grand Total: 131 creatures vanquished

Notes
Turn   | Place    | Note
-------+----------+-------------------------------------------
     0 | D        | equalderp2856 the Felid Fighter began the quest for the Orb.
     0 | D        | Reached XP level 1. HP: 10/10 MP: 2/2
     2 | D        | Banished a spatial maelstrom
    17 | D        | Noticed an iguana
    22 | D        | Reached skill level 5 in Unarmed Combat
    22 | D        | Reached XP level 2. HP: 14/15 MP: 3/3
    27 | D        | Reached skill level 5 in Dodging
    27 | D        | Reached skill level 6 in Unarmed Combat
    27 | D        | Reached XP level 3. HP: 17/18 MP: 4/4
    86 | D        | Found a roughly hewn altar of Beogh.
    86 | D        | Found a snail-covered altar of Cheibriados.
    86 | D        | Found a shadowy altar of Dithmenos.
    86 | D        | Found a white marble altar of Elyvilon.
    86 | D        | Found a blossoming altar of Fedhas.
    86 | D        | Found an opulent altar of Gozag.
    87 | D        | Found a hazy altar of Hepliaklqana.
    88 | D        | Found a viscous altar of Jiyva.
    89 | D        | Found an ancient bone altar of Kikubaaqudgha.
    90 | D        | Found a corrupted altar of Lugonu.
    91 | D        | Found a burning altar of Makhleb.
    92 | D        | Found a sparkling altar of Nemelex Xobeh.
    93 | D        | Found an iron altar of Okawaru.
    94 | D        | Found a stormy altar of Qazlal.
    95 | D        | Found a sacrificial altar of Ru.
    96 | D        | Found a deep blue altar of Sif Muna.
    97 | D        | Found a bloodstained altar of Trog.
    98 | D        | Found a hide-covered altar of Uskayaw.
    99 | D        | Found a radiant altar of Vehumet.
   100 | D        | Found a shimmering altar of Xom.
   101 | D        | Found a basalt altar of Yredelemnul.
   102 | D        | Found a glowing silver altar of Zin.
   103 | D        | Found a glowing golden altar of the Shining One.
   118 | D        | Became a worshipper of Nemelex Xobeh the Trickster
   131 | D        | Received a gift from Nemelex Xobeh
   152 | D        | Noticed an orc warrior
   152 | D        | Noticed a big kobold
   152 | D        | Noticed an unseen horror
   152 | D        | Noticed a scorpion
   222 | D        | Killed an orc warrior
   222 | D        | Reached skill level 5 in Fighting
   222 | D        | Reached skill level 8 in Unarmed Combat
   222 | D        | Reached XP level 4. HP: 11/23 MP: 5/5
   222 | D        | Reached XP level 5. HP: 12/26 MP: 6/6
   228 | D        | Reached skill level 10 in Unarmed Combat
   291 | D        | HP: 1/27 [unseen horror (9)]
   295 | D        | Killed an unseen horror
   295 | D        | Reached skill level 10 in Dodging
   295 | D        | Reached skill level 13 in Unarmed Combat
   295 | D        | Gained mutation: You are covered in thick fur. (AC +2) [Felid growth]
   295 | D        | Reached XP level 6. HP: 19/33 MP: 7/7
   295 | D        | Reached XP level 7. HP: 21/36 MP: 8/8
   400 | D        | Noticed a komodo dragon
   400 | D        | Noticed a hill giant
   400 | D        | Noticed a centaur warrior
   400 | D        | Noticed a hill giant
   400 | D        | Noticed a vampire mosquito
   414 | D        | Killed a komodo dragon
   414 | D        | Reached skill level 14 in Unarmed Combat
   414 | D        | Reached XP level 8. HP: 37/40 MP: 9/9
   423 | D        | Killed a hill giant
   432 | D        | Killed a centaur warrior
   432 | D        | Reached skill level 16 in Unarmed Combat
   432 | D        | Reached XP level 9. HP: 12/45 MP: 10/10
   501 | D        | Demolished by a hill giant
   502 | D        | Reached XP level 8. HP: -16/41 MP: 9/9
   502 | D        | Reached * piety under Nemelex Xobeh
   505 | D        | Received a gift from Nemelex Xobeh
   559 | D        | Received a gift from Nemelex Xobeh
   560 | D        | Reached ** piety under Nemelex Xobeh
   571 | D        | Received a gift from Nemelex Xobeh
   647 | D        | Killed a hill giant
  1015 | D        | Noticed a spiny frog
  1021 | D        | Reached skill level 17 in Unarmed Combat
  1033 | D        | Killed a spiny frog
  1033 | D        | Reached XP level 9. HP: 25/45 MP: 10/10
  1274 | D        | Reached skill level 1 in Stealth
  1500 | D        | Reached skill level 18 in Unarmed Combat
  1557 | D        | Received a gift from Nemelex Xobeh
  1557 | D        | Noticed an eight-headed hydra
  1558 | D        | Noticed a black mamba
  1590 | D        | Killed an eight-headed hydra
  1590 | D        | Reached skill level 1 in Invocations
  1593 | D        | Reached XP level 10. HP: 42/49 MP: 10/12
  1604 | D        | Killed a black mamba
  1604 | D        | Reached skill level 19 in Unarmed Combat
  1663 | D        | Reached skill level 15 in Dodging
  1686 | D        | Noticed a death yak
  1686 | D        | Noticed a death yak
  1686 | D        | Noticed a catoblepas
  1686 | D        | Noticed a death yak
  1687 | D        | Noticed a death yak
  1695 | D        | Killed a death yak
  1925 | D        | Killed a catoblepas
  1930 | D        | Killed a death yak
  1930 | D        | Reached skill level 5 in Stealth
  1930 | D        | Reached skill level 20 in Unarmed Combat
  1933 | D        | Killed a death yak
  1951 | D        | Killed a death yak
  1951 | D        | Reached XP level 11. HP: 47/53 MP: 15/15
  1960 | D        | Reached skill level 5 in Invocations
  1994 | D        | Reached *** piety under Nemelex Xobeh
  1994 | D        | Received a gift from Nemelex Xobeh
  2048 | D        | Noticed Josephine
  2068 | D        | Killed Josephine
  2115 | D        | Noticed Gastronok
  2136 | D        | Killed Gastronok
  2136 | D        | Reached skill level 21 in Unarmed Combat
  2255 | D        | Received a gift from Nemelex Xobeh
  2268 | D        | Noticed Maurice
  2278 | D        | Killed Maurice
  2304 | D        | Noticed a stone giant
  2304 | D        | Noticed an orc knight
  2322 | D        | Killed a stone giant
  2322 | D        | Reached skill level 10 in Stealth
  2337 | D        | Killed an orc knight
  2729 | D        | Reached **** piety under Nemelex Xobeh
  2729 | D        | Noticed an orc knight
  2729 | D        | Noticed an orc knight
  2730 | D        | Noticed an orc knight
  2731 | D        | Killed an orc knight
  2735 | D        | Reached skill level 22 in Unarmed Combat
  2762 | D        | Killed an orc knight
  2769 | D        | Killed an orc knight
  2802 | D        | Found Heicuuf's Antique Weapon Emporium.
  2802 | D        | Noticed an orc sorcerer
  2802 | D        | Noticed an orc sorcerer
  2802 | D        | Noticed an orc sorcerer
  2808 | D        | Killed an orc sorcerer
  2809 | D        | Noticed an orc sorcerer
  2816 | D        | Killed an orc sorcerer
  2820 | D        | Killed an orc sorcerer
  2820 | D        | Gained mutation: Your thick and shaggy fur keeps you warm. (AC +3, rC+) [Felid growth]
  2820 | D        | Reached XP level 12. HP: 53/57 MP: 19/19
  2822 | D        | Found Ulotweme's Distillery.
  2834 | D        | Found Iluo's Jewellery Emporium.
  2837 | D        | Found Pupaeteu's Distillery.
  2862 | D        | Reached skill level 23 in Unarmed Combat
  2926 | D        | Received a gift from Nemelex Xobeh
  2961 | D        | Received a gift from Nemelex Xobeh
  2975 | D        | Reached ***** piety under Nemelex Xobeh
  2997 | D        | Received a gift from Nemelex Xobeh
  2998 | D        | Noticed Erolcha
  3005 | D        | Killed Erolcha
  3091 | D        | Noticed an ogre mage
  3091 | D        | Noticed a centaur warrior
  3093 | D        | Killed an ogre mage
  3099 | D        | Noticed an ettin
  3100 | D        | Noticed a centaur warrior
  3103 | D        | Killed a centaur warrior
  3109 | D        | Noticed a fire dragon
  3303 | D        | Killed an ettin
  3303 | D        | Reached skill level 24 in Unarmed Combat
  3309 | D        | Killed a centaur warrior
  3454 | D        | Killed a fire dragon
  3603 | D        | Noticed a stone giant
  3607 | D        | Noticed a centaur warrior
  3610 | D        | Slain by a stone giant
  3611 | D        | Reached XP level 11. HP: -4/54 MP: 18/18
  3907 | D        | Killed a centaur warrior
  3915 | D        | Killed a stone giant
  3932 | D        | Noticed a stone giant
  3943 | D        | Killed a stone giant
  3960 | D        | Noticed a rakshasa
  3967 | D        | Killed a rakshasa
  3967 | D        | Reached XP level 12. HP: 58/58 MP: 19/19
  3969 | D        | Received a gift from Nemelex Xobeh
  4019 | D        | Noticed Urug
  4024 | D        | Noticed Rupert
  4029 | D        | Killed Urug
  4069 | D        | Killed Rupert
  4069 | D        | Reached skill level 25 in Unarmed Combat
  4259 | D        | Reached ****** piety under Nemelex Xobeh
  4262 | D        | Received a gift from Nemelex Xobeh
  4297 | D        | Reached skill level 10 in Fighting
  4730 | D        | Noticed a merfolk impaler
  4730 | D        | Noticed a merfolk avatar
  4740 | D        | Noticed a hell hog
  4740 | D        | a merfolk impaler changed into a hell hog
  4740 | D        | Noticed a queen ant
  4740 | D        | a merfolk avatar changed into a queen ant
  4748 | D        | Killed a hell hog
  4754 | D        | Killed a queen ant
  4769 | D        | HP: 1/58 [merfolk/trident (17)]
  4779 | D        | Reached skill level 26 in Unarmed Combat
  5011 | D        | Received a gift from Nemelex Xobeh
  5014 | D        | Noticed an alligator
  5020 | D        | Noticed a thorn hunter
  5027 | D        | Slain by a swamp dragon
  5028 | D        | Reached XP level 11. HP: 0/54 MP: 19/19
  5047 | D        | Received a gift from Nemelex Xobeh
  5096 | D        | Received a gift from Nemelex Xobeh
  5131 | D        | Received a gift from Nemelex Xobeh
  5160 | D        | Noticed Boris
  5176 | D        | Killed Boris
  5176 | D        | Reached skill level 10 in Invocations
  5176 | D        | Reached XP level 12. HP: 25/58 MP: 20/20
  5255 | D        | Received a gift from Nemelex Xobeh
  5272 | D        | Noticed Mennas
  5294 | D        | HP: 1/58 [Mennas/trishula of holy wrath (26)]
  5294 | D        | Slain by Mennas

Skill      XL: |  1  2  3  4  5  6  7  8  9 10 11 12 |
---------------+-------------------------------------+-----
Unarmed Combat | 5 6 8 13 14 17 18 20 22 26 | 26.6
Fighting       | 4 5 7 8 9 10 | 10.4
Dodging        | 5 7 10 11 13 14 15 18 17 | 18.1
Stealth        | 2 6 11 14 | 14.7
Invocations    | 1 4 10 | 10.1

Action                   |  1- 3 |  4- 6 |  7- 9 | 10-12 || total
-------------------------+-------+-------+-------+-------++-------
Melee: Unarmed           |    32 |    15 |    89 |   355 ||   491
       Bite              |     3 |     3 |     7 |    46 ||    59
       Punch             |       |     2 |     7 |    43 ||    52
Evoke: Deck              |       |       |     8 |    33 ||    41
  Use: Potion            |       |     1 |     2 |    17 ||    20
       Scroll            |       |       |       |     1 ||     1
 Stab: Distracted        |       |       |     1 |     2 ||     3
       Petrified         |       |       |       |     3 ||     3
       Sleeping          |       |       |       |     6 ||     6
  Eat: Chunk             |       |       |       |     6 ||     6
Armor: Skin              |       |       |     1 |     6 ||     7
Dodge: Dodged            |    20 |    20 |    55 |   237 ||   332
